 Dungeon Crawl Stone Soup version 0.20-a0-972-gb9bd3e6 (console) character file.

226716 vuev the Minotaur Blade (level 18, -16/264 HPs)
             Began as a Minotaur Berserker on Apr 9, 2017.
             Was a High Priest of Trog.
             Killed from afar by a shock serpent (17 damage)
             ... with an electric aura
             ... on level 4 of the Snake Pit.
             The game lasted 01:51:22 (40950 turns).

vuev the Minotaur Blade (Minotaur Berserker)       Turns: 40950, Time: 01:51:24

Health: -16/264    AC: 23    Str: 35    XL:     18   Next: 65%
Magic:  22/22      EV: 13    Int:  7    God:    Trog [*****.]
Gold:   3074       SH:  0    Dex: 17    Spells: 17/17 levels left

rFire    + + .     SeeInvis +   R - +8 great sword {speed, Str+4}
rCold    . . .     Gourm    .   (shield currently unavailable)
rNeg     . . .     Faith    +   a - +1 plate armour {rF+}
rPois    +         Spirit   .   (helmet restricted)
rElec    .         Reflect  .   O - +0 cloak
rCorr    .         Harm     .   (no gloves)
MR       +....                  w - +1 pair of boots
Stlth    ..........             l - amulet of faith
Regen    0.6/turn               G - ring of Darkness {rF+ Str+3 Int+3 SInv}
MPRegen  0.2/turn               h - ring of poison resistance

@: berserking, lethally poisoned (-16 -> -25), very quick
A: retaliatory headbutt, horns 2
}: 1/15 runes: barnacled
a: Berserk, Trog's Hand, Brothers in Arms, Burn Spellbooks, Renounce Religion


You were on level 4 of the Snake Pit.
You worshipped Trog.
Trog was extremely pleased with you.
You were very hungry.

You visited 5 branches of the dungeon, and saw 31 of its levels.
You also visited: Volcano.

You collected 3221 gold pieces.
You spent 147 gold pieces at shops.

Inventory:

Hand Weapons
 o - a +9 triple sword of freezing
 r - a +3 demon blade of electrocution
 L - a +7 great sword of holy wrath
 R - the +8 great sword "Etwi Rom" (weapon) {speed, Str+4}
   (You found it on level 4 of the Shoals)

   Attacks with this weapon are significantly faster.
   It affects your strength (+4).
 X - a +7 triple sword of electrocution
Missiles
 E - 26 javelins of penetration (quivered)
Armour
 a - a +1 plate armour of fire resistance (worn)
 w - a +1 pair of boots (worn)
 O - a +0 cloak (worn)
Jewellery
 b - an uncursed ring of protection from fire
 h - a ring of poison resistance (right hand)
 l - an amulet of faith (around neck)
 s - the ring of Qilimp {rCorr rF+ Int+7}
   (You found it on level 6 of the Lair of Beasts)

   [ring of resist corrosion]

   It affects your intelligence (+7).
   It protects you from fire.
 G - the ring of Darkness (left hand) {rF+ Str+3 Int+3 SInv}
   (You took it off an orc on level 7 of the Dungeon)

   [ring of strength]

   It affects your strength (+3).
   It affects your intelligence (+3).
   It protects you from fire.
   It lets you see invisible.
 I - an uncursed ring of flight
 N - a +4 ring of strength
 P - a +5 ring of evasion
 Z - an uncursed ring of protection from cold
Wands
 n - a wand of scattershot (0/9)
 v - a wand of flame (7/48)
 x - a wand of iceblast (8/15)
 z - a wand of confusion (5/48)
 C - a wand of enslavement (2/24)
 D - a wand of flame (19/48)
 J - a wand of digging (6/24)
 T - a wand of enslavement (2/24)
 W - a wand of paralysis (16/24)
Scrolls
 e - a scroll of summoning
 f - 4 scrolls of fear
 i - 6 scrolls of teleportation
 m - 2 scrolls of enchant weapon
 y - 5 scrolls of enchant armour
 B - 18 scrolls of identify
 F - 9 scrolls of remove curse
 H - a scroll of recharging
 M - a scroll of blinking
 V - 2 scrolls of magic mapping
Potions
 d - 4 potions of flight
 g - a potion of berserk rage
 j - a potion of resistance
 u - 8 potions of curing
 A - 3 potions of cancellation
 K - a potion of agility
 Q - 3 potions of might
Miscellaneous
 S - a box of beasts
 U - a lightning rod (3/4)
 Y - 2 sacks of spiders
Comestibles
 c - 11 bread rations
 k - 11 meat rations
 q - 10 royal jellies
 t - 18 fruits


   Skills:
 * Level 19.4 Fighting
 + Level 24.6 Long Blades
 + Level 18.2 Armour
 + Level 6.9 Dodging
 - Level 7.9 Evocations


You had 17 spell levels left.
You didn't know any spells.

Dungeon Overview and Level Annotations

Branches:
Dungeon (15/15)            Temple (0/1) D:6            Lair (6/6) D:10
 Shoals (4/4) Lair:4        Snake (4/4) Lair:2        Slime (0/5) Lair:5
    Orc (2/2) D:11            Elf (0/3) Orc:2        Vaults (0/5) D:14
 Depths (0/5) D:15

Altars:
Cheibriados
Dithmenos
Elyvilon
Fedhas
Hepliaklqana
Kikubaaqudgha
Nemelex Xobeh
Okawaru
Qazlal
Ru
Trog
Vehumet
Wu Jian
Yredelemnul
Beogh
Jiyva

Shops:
D:4 ?   D:9 (   D:13 *   Orc:2 *(:[   Snake:1 (:   Snake:2 =}=


Innate Abilities, Weirdness & Mutations

You reflexively headbutt those who attack you in melee.
You have a pair of horns on your head.


Message History

The shock serpent's electric aura discharges, shocking you!
* * * LOW HITPOINT WARNING * * *
You are too berserk!
You are too berserk!
You are too berserk!
You slice the nagaraja like a ripe choko!!!
You kill the nagaraja!
Trog accepts your kill.
Trog appreciates your killing of a magic user.
* * * LOW HITPOINT WARNING * * *
You feel sick.
The shock serpent bites you but does no damage.
The naga closely misses you. You furiously retaliate!
You headbutt the naga!!
You kill the naga!
Trog accepts your kill.
A naga comes into view. It is wielding an antimagic hand axe.
You miss the shock serpent. You headbutt the shock serpent!!
The shock serpent is severely wounded.
The shock serpent's electric aura discharges, shocking you!
You die... ...# .N #...##N #....N #NS.S

#N..##
#.NN##
#S[S##
#@N)##
##).)###
##)...#
######


You could see 2 nagarajas, 3 naga sharpshooters, 2 shock serpents, a guardian
serpent, a black mamba, a naga mage and 2 nagas.

Vanquished Creatures
  Nikola (Shoals:1)
  Jorgrun (Snake:4)
  Asterion (Snake:1)
  A kraken (Shoals:1)
  Kirke (Lair:6)
  Ilsuiw (Shoals:4)
  6 nagarajas
  Roxanne (Shoals:4)
  Aizul (Snake:2)
  An orc warlord (Orc:2)
  Snorg (Lair:3)
  5 merfolk javelineers (Shoals:4)
  5 merfolk impalers
  Josephine (D:10)
  6 naga warriors
  A catoblepas (Shoals:3)
  5 hydras
  3 vault guards (D:14)
  2 centaur warriors
  7 anacondas
  7 merfolk aquamancers
  3 merfolk avatars
  An ogre mage (D:15)
  A death yak (Shoals:3)
  2 satyrs
  12 two-headed ogres
  Urug (Lair:3)
  4 shock serpents
  3 orc high priests (Orc:2)
  9 naga sharpshooters
  A salamander mystic (Snake:3)
  14 sea snakes
  4 unseen horrors
  2 wizards
  7 naga ritualists
  9 harpies (Shoals:4)
  Pikel (D:6)
  2 orc knights (Orc:1)
  13 mana vipers
  The ghost of Tux the Thaumaturge, a novice DECj of Vehumet (D:8)
  8 orc sorcerers
  25 fauns
  A necromancer (D:15)
  2 deep elf magi
  5 cyclopes
  11 ugly things
  5 salamanders
  14 manticores
  4 water nymphs
  15 merfolk sirens
  3 guardian serpents
  46 black mambas
  11 naga magi
  A smoke demon (Volcano)
  A gargoyle (D:14)
  A rime drake (shapeshifter) (D:15)
  24 spiny frogs
  6 komodo dragons
  11 kobold demonologists
  2 polar bears (Lair:5)
  18 merfolk
  3 tengu conjurers
  A jumping spider (shapeshifter) (D:13)
  4 trolls
  A wolf spider simulacrum (D:15)
  Prince Ribbit (D:6)
  3 meliai (D:15)
  A polar bear (shapeshifter) (D:15)
  3 wind drakes
  4 tyrant leeches (Lair:6)
  5 slime creatures (D:13)
  11 dream sheep
  11 snapping turtles
  21 blink frogs
  15 hippogriffs
  16 water elementals
  7 spriggans
  10 wraiths
  A vampire (D:11)
  6 wyverns
  5 basilisks
  15 yaks
  A steam dragon (D:11)
  A hungry ghost (D:13)
  17 vampire mosquitoes
  Edmund (D:5)
  8 wargs
  An acid dragon (D:13)
  38 nagas
  A soldier ant (D:14)
  3 hell hounds (Volcano)
  13 water moccasins
  8 porcupines
  4 ice beasts
  A slave (D:6)
  A black bear (D:11)
  33 orc warriors
  A necrophage (D:13)
  3 phantoms
  5 sky beasts
  5 boggarts (D:14)
  16 ogres
  12 wolves
  9 crocodiles
  16 centaurs
  7 big kobolds
  30 bullfrogs
  2 wyvern zombies
  5 scorpions
  3 killer bees (D:8)
  16 wights
  A howler monkey (D:5)
  12 electric eels
  2 centaur zombies
  7 crimson imps
  A quasit (D:7)
  7 hounds
  13 orc priests
  4 jellies
  21 orc wizards
  5 centaur skeletons
  2 bullfrog skeletons
  A gnoll shaman (D:6)
  6 iguanas
  15 worker ants
  6 hell rats (Lair:4)
  Terence (D:2)
  A killer bee zombie (D:9)
  A hound zombie (D:5)
  A hound skeleton (D:5)
  A howler monkey zombie (D:5)
  A worker ant zombie (D:9)
  11 gnolls
  10 adders
  7 shadow imps
  7 white imps (Lair:3)
  2 adder skeletons
  An adder zombie (D:10)
  2 worms (D:2)
  A dart slug (D:3)
  6 leopard geckos
  66 orcs
  4 bats
  2 giant cockroaches
  10 goblins
  11 hobgoblins
  14 jackals
  6 quokkas
  A ball python (D:4)
  A frilled lizard (D:2)
  18 kobolds
  A leopard gecko skeleton (D:4)
  A quokka skeleton (D:4)
  5 rats
  A butterfly (Lair:5)
  A fungus (Lair:6)
  7 tentacles (Shoals:1)
1072 creatures vanquished.

Vanquished Creatures (collateral kills)
  Saint Roka (Orc:2)
  Polyphemus (Shoals:3)
  A merfolk javelineer (Shoals:4)
  4 merfolk impalers
  3 naga warriors
  A vault guard (D:14)
  A hydra (Lair:6)
  A merfolk aquamancer (Shoals:4)
  2 satyrs
  A death yak (Shoals:3)
  A naga sharpshooter (Snake:3)
  Sonja (Lair:3)
  A salamander mystic (Snake:2)
  A sea snake (Shoals:4)
  2 naga ritualists (Snake:4)
  An orc knight (Orc:2)
  2 manticores (Shoals:1)
  2 ugly things (D:14)
  A salamander (Snake:3)
  An orc sorcerer (Orc:2)
  4 fauns
  A naga mage (Snake:3)
  A guardian serpent (Snake:4)
  2 spiny frogs (Lair:6)
  A troll (Orc:2)
  2 merfolk (Shoals:4)
  3 blink frogs (Lair:3)
  A hippogriff (Shoals:3)
  A dream sheep (Shoals:3)
  A vampire mosquito (Lair:6)
  6 nagas
  An eye of draining (D:14)
  An ogre (Orc:2)
  A bullfrog (Lair:6)
  A wight (D:14)
  5 white imps (Lair:3)
  4 orcs (Orc:2)
  A fungus (Lair:6)
66 creatures vanquished.

Vanquished Creatures (others)
  A water elemental (Shoals:4)
  An orc wizard (D:11)
  4 bushes (Lair:6)
  11 fungi (Lair:6)
  46 plants
  33 tentacles (Shoals:1)
96 creatures vanquished.

Grand Total: 1234 creatures vanquished

Notes
Turn   | Place    | Note
-------+----------+-------------------------------------------
     0 | D:1      | vuev the Minotaur Berserker began the quest for the Orb.
     0 | D:1      | Reached XP level 1. HP: 19/19 MP: 0/0
   507 | D:1      | Reached XP level 2. HP: 26/27 MP: 1/1
   748 | D:1      | Reached skill level 4 in Long Blades
  1096 | D:2      | Noticed Terence
  1105 | D:2      | Killed Terence
  1105 | D:2      | Reached XP level 3. HP: 31/33 MP: 2/2
  1296 | D:2      | Reached skill level 5 in Long Blades
  1305 | D:2      | Reached ** piety under Trog
  1482 | D:2      | Reached XP level 4. HP: 40/40 MP: 3/3
  2160 | D:4      | Noticed an ogre
  2167 | D:4      | Killed an ogre
  2167 | D:4      | Reached skill level 6 in Long Blades
  2167 | D:4      | Reached XP level 5. HP: 47/47 MP: 4/4
  2307 | D:4      | Found Faklig's Magic Scroll Boutique.
  2680 | D:4      | Reached XP level 6. HP: 55/55 MP: 5/5
  2869 | D:4      | Reached skill level 7 in Long Blades
  3504 | D:5      | Entered Level 5 of the Dungeon
  3507 | D:5      | Reached skill level 5 in Fighting
  3547 | D:5      | Reached *** piety under Trog
  3676 | D:5      | Reached XP level 7. HP: 44/61 MP: 6/6
  3727 | D:5      | Reached skill level 8 in Long Blades
  3962 | D:5      | Noticed Edmund
  3972 | D:5      | Killed Edmund
  3979 | D:5      | Reached skill level 9 in Long Blades
  4264 | D:5      | Found a blossoming altar of Fedhas.
  4264 | D:5      | Found a snail-covered altar of Cheibriados.
  4264 | D:5      | Found a sacrificial altar of Ru.
  4264 | D:5      | Found an iron altar of Okawaru.
  4271 | D:5      | Found a radiant altar of Vehumet.
  4275 | D:5      | Found a basalt altar of Yredelemnul.
  4327 | D:6      | Found a stormy altar of Qazlal.
  4429 | D:6      | Reached XP level 8. HP: 61/68 MP: 7/7
  4470 | D:6      | Found a bloodstained altar of Trog.
  4499 | D:6      | Noticed Prince Ribbit
  4507 | D:6      | Killed Prince Ribbit
  4507 | D:6      | Reached skill level 10 in Long Blades
  4507 | D:6      | Reached skill level 5 in Armour
  4546 | D:6      | Noticed Pikel
  4562 | D:6      | Killed Pikel
  4562 | D:6      | Reached skill level 11 in Long Blades
  4856 | D:6      | Reached **** piety under Trog
  4996 | D:6      | Reached XP level 9. HP: 50/75 MP: 8/8
  5148 | D:6      | Found a staircase to the Ecumenical Temple.
  5288 | D:7      | Received a gift from Trog
  5360 | D:7      | Reached skill level 12 in Long Blades
  5577 | D:7      | Got a twitching silver ring
  5581 | D:7      | Identified the ring of Darkness {rF+ Str+3 Int+3 SInv} (You took it off an orc on level 7 of the Dungeon)
  5656 | D:7      | Found an ornate altar of the Wu Jian Council.
  6125 | D:8      | Noticed Tux's ghost (novice DECj)
  6143 | D:8      | Killed Tux's ghost
  6325 | D:8      | Reached skill level 13 in Long Blades
  6495 | D:8      | Reached XP level 10. HP: 55/86 MP: 9/9
  6650 | D:8      | Found a sparkling altar of Nemelex Xobeh.
  6795 | D:8      | Reached ***** piety under Trog
  7025 | D:9      | Noticed a two-headed ogre
  7039 | D:9      | Killed a two-headed ogre
  7289 | D:9      | Found a runed door.
  7307 | D:9      | Reached skill level 14 in Long Blades
  7404 | D:9      | Reached skill level 5 in Dodging
  7641 | D:9      | Received a gift from Trog
  7690 | D:9      | Found Ganobb's Antique Weapon Shoppe.
  7835 | D:9      | Found an ancient bone altar of Kikubaaqudgha.
  8129 | D:10     | Entered Level 10 of the Dungeon
  8214 | D:10     | Noticed a two-headed ogre
  8229 | D:10     | Killed a two-headed ogre
  8229 | D:10     | Reached skill level 10 in Armour
  8474 | D:10     | Noticed Josephine
  8504 | D:10     | Killed Josephine
  8504 | D:10     | Reached XP level 11. HP: 95/95 MP: 10/10
  8604 | D:10     | Noticed an unseen horror
  8615 | D:10     | Killed an unseen horror
  8615 | D:10     | Reached skill level 15 in Long Blades
  8761 | D:10     | Found a staircase to the Lair.
  8822 | D:10     | Found a shadowy altar of Dithmenos.
  8984 | D:10     | Reached XP level 12. HP: 104/104 MP: 10/16
  9055 | Lair:1   | Entered Level 1 of the Lair of Beasts
  9108 | Lair:1   | Found a hazy altar of Hepliaklqana.
 10614 | Lair:2   | Found a staircase to the Snake Pit.
 10748 | Lair:2   | Found a dark tunnel.
 10755 | Volcano  | Entered a volcano
 10817 | Volcano  | Reached skill level 10 in Fighting
 11319 | Lair:2   | Received a gift from Trog
 11859 | Lair:3   | Noticed Sonja
 12273 | Lair:3   | Noticed Urug
 12506 | Lair:3   | Found a frozen archway.
 12520 | Lair:3   | Reached skill level 16 in Long Blades
 12522 | Lair:3   | Reached XP level 13. HP: 114/114 MP: 17/17
 12532 | Lair:3   | Killed Sonja
 12902 | Lair:3   | Killed Urug
 13372 | Lair:3   | Noticed Snorg
 13386 | Lair:3   | Killed Snorg
 13513 | Lair:3   | Received a gift from Trog
 13657 | Lair:4   | Found a staircase to the Shoals.
 15166 | Lair:5   | Found a viscous altar of Jiyva.
 15166 | Lair:5   | Found a staircase to the Slime Pits.
 15565 | Lair:6   | Entered Level 6 of the Lair of Beasts
 15651 | Lair:6   | Received a gift from Trog
 15749 | Lair:6   | Reached skill level 17 in Long Blades
 15758 | Lair:6   | HP: 4/117 [black mamba (10)]
 15857 | Lair:6   | Found a labyrinth entrance.
 16212 | Lair:6   | Reached XP level 14. HP: 77/126 MP: 6/18
 17151 | Lair:6   | Noticed Kirke
 17165 | Lair:6   | Killed Kirke
 17165 | Lair:6   | Reached skill level 18 in Long Blades
 17548 | Lair:6   | Got a clouded ivory ring
 17567 | Lair:6   | Identified the ring of Qilimp {rCorr rF+ Int+7} (You found it on level 6 of the Lair of Beasts)
 18011 | D:11     | Reached ****** piety under Trog
 18538 | D:11     | Found a staircase to the Orcish Mines.
 18601 | D:11     | Received a gift from Trog
 19315 | Orc:1    | Entered Level 1 of the Orcish Mines
 19443 | Orc:1    | Reached skill level 19 in Long Blades
 19787 | Orc:2    | Entered Level 2 of the Orcish Mines
 19787 | Orc:2    | Found Lajif's General Store.
 19822 | Orc:2    | Noticed Saint Roka
 19997 | Orc:1    | Received a gift from Trog
 20100 | Orc:2    | Killed Saint Roka
 20275 | Orc:2    | Bought a scroll of enchant weapon for 105 gold pieces
 20275 | Orc:2    | Bought a potion of curing for 42 gold pieces
 20278 | Orc:2    | Found a staircase to the Elven Halls.
 20491 | Orc:2    | Found Nasapn's Antique Weapon Boutique.
 20714 | Orc:2    | Found a roughly hewn altar of Beogh.
 20737 | Orc:2    | Reached skill level 15 in Armour
 20803 | Orc:2    | Noticed an orc warlord
 20821 | Orc:2    | Killed an orc warlord
 21135 | Orc:2    | Found Boomebut's Book Shop.
 21154 | Orc:2    | Reached XP level 15. HP: 128/136 MP: 6/19
 21157 | Orc:2    | Found Gazximag's Antique Armour Emporium.
 21347 | Orc:2    | Received a gift from Trog
 21595 | Snake:1  | Entered Level 1 of the Snake Pit
 21595 | Snake:1  | Found a white marble altar of Elyvilon.
 21950 | Snake:1  | Reached skill level 20 in Long Blades
 23413 | D:12     | Received a gift from Trog
 23930 | D:13     | Found Dubo Lod's Changing Room.
 24678 | D:14     | Found a gate to the Vaults.
 24690 | D:14     | Received a gift from Trog
 24706 | D:14     | Reached skill level 21 in Long Blades
 25409 | D:15     | Entered Level 15 of the Dungeon
 25452 | D:14     | HP: 5/139 [poisoned by a green ugly thing]
 25458 | D:14     | HP: 3/139 [poisoned by a green ugly thing]
 25463 | D:14     | HP: 3/139 [poisoned by a green ugly thing]
 25468 | D:14     | HP: 3/139 [poisoned by a green ugly thing]
 26439 | D:15     | Received a gift from Trog
 26442 | D:15     | Got a crystal great sword {god gift}
 26443 | D:15     | Identified the +7 great sword of the Enchanted Forest {slice, Str+5} (Trog gifted it to you on level 15 of the Dungeon)
 26472 | D:15     | Reached XP level 16. HP: 123/147 MP: 20/20
 26566 | D:15     | Found a staircase to the Depths.
 26974 | D:15     | Reached skill level 22 in Long Blades
 27522 | Shoals:1 | Entered Level 1 of the Shoals
 27628 | Shoals:1 | Identified the Guide on Attacks and Unholy Rites
 27695 | Shoals:1 | Reached skill level 15 in Fighting
 27709 | Shoals:1 | Received a gift from Trog
 27865 | Shoals:1 | Noticed a kraken
 28301 | Shoals:1 | Killed a kraken
 28511 | Shoals:1 | Noticed Nikola
 28521 | Shoals:1 | Killed Nikola
 29930 | Shoals:2 | Received a gift from Trog
 30531 | Shoals:2 | Received a gift from Trog
 30751 | Shoals:2 | Reached skill level 23 in Long Blades
 31371 | Shoals:3 | Noticed Polyphemus
 31387 | Shoals:3 | Killed Polyphemus
 32330 | Shoals:3 | Reached XP level 17. HP: 88/158 MP: 21/21
 32652 | Shoals:4 | Entered Level 4 of the Shoals
 32752 | Shoals:4 | Noticed Ilsuiw
 32768 | Shoals:4 | HP: 7/158 [merfolk javelineer/javelin of penetration (20)]
 33185 | Shoals:4 | Killed Ilsuiw
 33236 | Shoals:4 | Received a gift from Trog
 33324 | Shoals:4 | Got an iridescent great sword
 33325 | Shoals:4 | Identified the +8 great sword "Etwi Rom" {speed, Str+4} (You found it on level 4 of the Shoals)
 33733 | Shoals:4 | Got a barnacled rune of Zot
 33759 | Shoals:4 | Reached skill level 24 in Long Blades
 34327 | Shoals:4 | Got a steaming chain mail
 34434 | Shoals:4 | Identified the cursed +1 chain mail of Dramatic Exits {rElec} (You found it on level 4 of the Shoals)
 34444 | Shoals:4 | Noticed Roxanne
 34468 | Shoals:4 | Killed Roxanne
 34608 | Shoals:4 | Received a gift from Trog
 35289 | Snake:1  | Noticed Asterion
 35305 | Snake:1  | Killed Asterion
 35770 | Snake:1  | Found Ecieror's Book Shop.
 35792 | Snake:1  | Found Wammun's Antique Weapon Boutique.
 36206 | Snake:2  | Noticed Aizul
 36236 | Snake:2  | Killed Aizul
 36641 | Snake:2  | Received a gift from Trog
 37118 | Snake:2  | Reached XP level 18. HP: 136/171 MP: 22/22
 37489 | Snake:2  | Found Popev's Jewellery Boutique.
 37489 | Snake:2  | Found Zackemog's Gadget Emporium.
 37490 | Snake:2  | Found Yrchas's Jewellery Boutique.
 39035 | Snake:3  | Received a gift from Trog
 39038 | Snake:3  | Got a smoking great sword {god gift}
 39039 | Snake:3  | Identified the +6 great sword of Trog's Hope {slice, Str-3 Dex+6} (Trog gifted it to you on level 3 of the Snake Pit)
 40279 | Snake:4  | Entered Level 4 of the Snake Pit
 40489 | Snake:4  | Received a gift from Trog
 40552 | Snake:4  | Noticed Jorgrun
 40583 | Snake:4  | Killed Jorgrun
 40948 | Snake:4  | HP: 1/264 [shock serpent/electric aura (16)]
 40950 | Snake:4  | Killed from afar by a shock serpent

Vault maps used:
D:1:      dpeg_arrival_fog
D:2:      first_bread, kennysheep_big_empty_room, grunt_ministairs_12,
          uniq_terence
D:4:      serial_shops, shop
D:5:      minmay_overflow_temple_hex, grunt_ministairs_12, uniq_edmund
D:6:      grunt_qazlal_sundering, bloody_trog,
          minmay_temple_entry_enclosed_plants, uniq_prince_ribbit1, uniq_pikel
D:7:      old_standard_altar, minivault_14, the_bakery
D:8:      kennysheep_little_box
D:9:      cheibrodos_elevator_heist, kennysheep_mini, serial_shops, shop,
          minmay_st_funbox
D:10:     david_lair_shrubbed, nicolae_dithmenos_through_a_glass_darkly,
          uniq_josephine
D:11:     erik_orc_2
D:13:     nicolae_transmutations_shop
D:14:     lightli_vaults_fourway_checkpoint, minivault_14
D:15:     grunt_enter_depths_magical_seal, serial_park_square2
Lair:1:   basic_altar, wad_woods_01, grunt_megastairs_3
Lair:2:   statuecave_lemuel, dummy_snake_entry, nicolae_volcano_entry_s_turn
Lair:3:   portal_ice_cave_entry_imps, uniq_sonja, uniq_urug, uniq_snorg
Lair:4:   minmay_shoals_entry_hut, serial_bayou_shore_b
Lair:5:   dpeg_slime_entry_enclosed_altar, serial_forest,
          infiniplex_forest_lined_3, infiniplex_forest_lined_corner,
          infiniplex_forest_end_1, infiniplex_forest_lined_2,
          infiniplex_forest_clump_small, infiniplex_forest_clump_diagonal,
          nicolae_quartered_pool_little, disabler_island, lemuel_fruit_fields,
          lemuel_fruit_tree
Lair:6:   minmay_lair_end_frog_pond, lab_entry_generic, st_stairs_10,
          minmay_hedge_maze, serial_bayou_shore_a, uniq_kirke
Shoals:1: shoals_oasis, uniq_nikola
Shoals:3: uniq_polyphemus
Shoals:4: shoals_end_simple, shoals_ilsuiw_ice, uniq_roxanne
Snake:1:  basic_altar, minmay_shoptagon, uniq_asterion
Snake:2:  st_stairs_4, grunt_megastairs_2, minmay_shop_grove,
          serial_bayou_shore_b, uniq_aizul
Snake:4:  johnstein_snake_rune_scales, uniq_jorgrun
Orc:2:    grunt_orc_gardens, grunt_orc_garden, grunt_orc_garden,
          grunt_orc_garden, grunt_orc_garden, basic_altar, uniq_saint_roka
Volcano:  volcano_caves

Skill      XL: |  1  2  3  4  5  6  7  8  9 10 11 12 13 14 15 16 17 18 |
---------------+-------------------------------------------------------+-----
Fighting       | 4 5 6 7 8 9 10 12 13 14 15 17 19 | 19.4
Long Blades    | 4 5 6 7 9 11 13 14 15 16 17 19 21 23 24 | 24.6
Armour         | 3 4 6 8 10 12 14 15 16 17 18 | 18.2
Dodging        | 3 4 5 6 |  6.9
Evocations     | 7 |  7.9

Action                   |  1- 3 |  4- 6 |  7- 9 | 10-12 | 13-15 | 16-18 || total
-------------------------+-------+-------+-------+-------+-------+-------++-------
Melee: Falchion          |    74 |   106 |   254 |   471 |       |       ||   905
       Headbutt          |    13 |    28 |    63 |   149 |   357 |   262 ||   872
       Long sword        |       |       |       |    49 |   215 |       ||   264
       Great sword       |       |       |       |       |   890 |   568 ||  1458
       Triple sword      |       |       |       |       |   130 |   430 ||   560
Throw: Javelin           |       |       |       |       |     1 |     6 ||     7
Invok: Berserk           |       |     2 |     4 |     5 |    15 |    10 ||    36
       Burn Spellbooks   |       |       |     1 |     1 |     6 |     3 ||    11
       Brothers in Arms  |       |       |       |     1 |     5 |    11 ||    17
       Trog's Hand       |       |       |       |       |     3 |     4 ||     7
Evoke: Wand              |       |       |     2 |     2 |    40 |    24 ||    68
       Sack of spiders   |       |       |       |       |     2 |       ||     2
       Box of beasts     |       |       |       |       |     1 |     1 ||     2
       Fan of gales      |       |       |       |       |     1 |       ||     1
       Phantom mirror    |       |       |       |       |     1 |       ||     1
       Lightning rod     |       |       |       |       |       |     1 ||     1
  Use: Scroll            |       |     8 |     2 |     6 |    17 |     4 ||    37
       Potion            |       |       |     1 |     9 |     6 |     5 ||    21
 Stab: Confused          |       |       |       |       |     2 |     3 ||     5
       Distracted        |       |       |       |       |       |     1 ||     1
  Eat: Chunk             |     2 |     9 |    12 |    13 |    42 |    29 ||   107
       Bread ration      |       |       |       |     2 |     5 |     6 ||    13
       Fruit             |       |       |       |     1 |     1 |     6 ||     8
Armor: Animal skin       |     2 |       |       |       |       |       ||     2
       Scale mail        |    20 |    37 |    66 |    24 |       |       ||   147
       Plate armour      |       |       |       |   165 |   535 |   441 ||  1141
Dodge: Dodged            |    46 |    47 |   101 |   182 |   567 |   532 ||  1475
       Rpst.: Falchion   |    14 |    11 |    35 |    37 |       |       ||    97
       Long sword        |       |       |       |     7 |    26 |       ||    33
       Great sword       |       |       |       |       |   102 |    60 ||   162
       Triple sword      |       |       |       |       |    16 |    41 ||    57
